 Dungeon Crawl Stone Soup version 0.30.1-11-g7821555f0a (webtiles) character file.

Game seed: 2722575313549213043

43407 booth the Severer (level 13, -12/103 HPs)
             Began as a Demonspawn Monk on Dec 18, 2023.
             Was a High Priest of Hepliaklqana.
             Mangled by a polar bear (21 damage)
             ... in an ice cave on Dec 19, 2023.
             The game lasted 01:27:26 (15069 turns).

booth the Severer (Demonspawn Monk)                Turns: 15069, Time: 01:27:27

Health: -12/103    AC: 24    Str: 21    XL:     13   Next: 90%
Magic:  11/11      EV: 15    Int: 12    God:    Hepliaklqana [*****.]
Gold:   379        SH:  5    Dex: 13    Spells: 12/12 levels left

rFire   + . .        G - +3 broad axe (drain)
rCold   + . .        (no shield)
rNeg    . . .        N - +4 chain mail of the Heavens {rF+ Str+4}
rPois   .            (helmet restricted)
rElec   .            I - +2 cloak {Will+}
rCorr   .            T - +2 pair of gloves
SInv    .            E - +1 pair of boots
Will    +....        n - amulet of reflection Stlth
                     D - ring of ice
HPRegen 0.37/turn    J - +5 ring of evasion
MPRegen 0.12/turn

%: reflection
@: hasted, very quick
A: reduced essence, antennae 2, rugged brown scales 3, ignite blood 2, powered
by pain 2, talons 1, clumsy 1, fire resistance 1, low MP 1
a: Renounce Religion, Recall Ancestor, Ancestor Identity, Transference, Idealise


You were in an ice cave.
You worshipped Hepliaklqana.
Hepliaklqana was extremely pleased with you.
You visited 3 branches of the dungeon, and saw 15 of its levels.
You also visited: Bailey and Ice Cave.

You collected 739 gold pieces.
You spent 360 gold pieces at shops.

Inventory:

Hand Weapons
 v - a +0 vampiric war axe
 G - a +3 broad axe of draining (weapon)
 R - a +3 heavy battleaxe
 V - a +2 mace of protection
Missiles
 a - 3 throwing nets
 u - 22 boomerangs (quivered)
 w - 19 poisoned darts
Armour
 r - a scarf of resistance
 y - the +1 ring mail "Qaopned" {rPois rC+}
   (You took it off a hobgoblin on level 4 of the Dungeon)

   rC:        It protects you from cold.
   rPois:     It protects you from poison.
 E - a +1 pair of boots (worn)
 H - +0 swamp dragon scales
 I - a +2 cloak of willpower (worn)
 N - the +4 chain mail of the Heavens (worn) {rF+ Str+4}
   (You found it on level 9 of the Dungeon)

   Str:       It affects your strength (+4).
   rF:        It protects you from fire.
 T - a +2 pair of gloves (worn)
 X - a +0 tower shield of cold resistance
Jewellery
 b - a ring of flight
 m - a ring of poison resistance
 n - an amulet of reflection (around neck)
 C - a +4 ring of slaying
 D - a ring of ice (left hand)
 J - a +5 ring of evasion (right hand)
Wands
 d - a wand of digging (3)
 A - a wand of polymorph (13)
 F - a wand of roots (18)
 K - a wand of flame (8)
 O - a wand of light (5)
 W - a wand of mindburst (5)
Scrolls
 f - 7 scrolls of teleportation
 g - 3 scrolls of silence
 h - 5 scrolls of magic mapping
 j - 2 scrolls of identify
 t - 2 scrolls of fear
 x - 2 scrolls of torment
 B - a scroll of amnesia
 M - 4 scrolls of fog
 U - 3 scrolls of butterflies
Potions
 c - 2 potions of ambrosia
 e - 3 potions of lignification
 k - 4 potions of might
 l - 2 potions of cancellation
 o - a potion of heal wounds
 q - 8 potions of curing
 s - a potion of invisibility
 z - 3 potions of mutation
 L - 2 potions of flight
Miscellaneous
 P - a phial of floods
 Q - a piece from Xom's chessboard (15/15)
 S - a tin of tremorstones (2/2)


   Skills:
 + Level 11.9 Fighting
 * Level 15.4(15.5) Axes
 - Level 2.9(10.4) Maces & Flails
 + Level 10.3 Throwing
 - Level 3.2 Armour
 - Level 5.1 Dodging
 - Level 3.2 Stealth


You had 12 spell levels left.
You didn't know any spells.
Your spell library contained the following spells:

 Spells                   Type           Power      Damage    Failure   Level
 Summon Small Mammal      Summ           0%         N/A       93%         1
 Lesser Beckoning         Tloc           0%         N/A       98%         2
 Call Canine Familiar     Summ           0%         N/A       100%        3
 Frozen Ramparts          Ice            0%         1d1       100%        3
 Gell's Gravitas          Tloc           0%         N/A       100%        3
 Ignite Poison            Fire/Tmut/Pois 0%         N/A       100%        3
 Stone Arrow              Conj/Erth      0%         3d7       100%        3
 Summon Guardian Golem    Hex/Summ       0%         N/A       100%        3
 Teleport Other           Tloc           0%         N/A       100%        3
 Animate Armour           Summ/Erth      0%         N/A       100%        4
 Ice Form                 Ice/Tmut       0%         N/A       100%        4
 Sticky Flame             Conj/Fire      0%         2d3       100%        4
 Summon Ice Beast         Ice/Summ       0%         N/A       100%        4
 Dispersal                Tloc           0%         N/A       100%        6
 Ignition                 Fire           0%         3d3       100%        8
 Lehudib's Crystal Spear  Conj/Erth      0%         10d2      100%        8


Dungeon Overview and Level Annotations

Branches:
Dungeon (10/15)            Temple (1/1) D:4            Lair (4/5) D:8
 Shoals (0/4) Lair:3        Snake (0/4) Lair:3        Slime (0/5) Lair:4
 Bailey (visited)           IceCv (1/1)
    Orc: D:9-12

Altars:
Ashenzari
Cheibriados
Dithmenos
Fedhas
Gozag
Hepliaklqana
Kikubaaqudgha
Makhleb
Nemelex Xobeh
Okawaru
Qazlal
Ru
Sif Muna
Trog
Uskayaw
Vehumet
Wu Jian
Xom
Yredelemnul

Shops:
D:1 ?[

Annotations:
D:8 1 runed translucent door, Rangus's ghost, novice GnWn


Innate Abilities, Weirdness & Mutations

Your life essence is reduced to manifest your ancestor. (-10% HP)
You have a pair of antennae on your head.
You are completely covered in rugged brown scales. (AC +3, +7% HP)
Your demonic aura often causes spilled blood to erupt in flames.
You sometimes gain power by taking damage.
You have sharp toenails.
You are clumsy. (Dex -2)
Your flesh is heat resistant. (rF+)
Your magical capacity is low. (-10% MP)


Message History

You are encased in ice.
The polar bear attacks as you move away!
The polar bear closely misses you. The polar bear misses you.
You block the polar bear's attack. The polar bear completely misses you.
The polar bear claws you but does no damage. x2
The polar bear attacks as you move away!
The polar bear barely misses you. You block the polar bear's attack.
The polar bear barely misses you.
You hear an angry growl.
The polar bear misses you. x2; The polar bear barely misses you.
The ice encasing you melts away.
The polar bear bites you but does no damage.
The polar bear claws you but does no damage. x2
The polar bear attacks as you move away!
The polar bear bites you.
* * * LOW HITPOINT WARNING * * *
The polar bear misses you.
The polar bear claws you but does no damage.
The polar bear attacks as you move away!
The polar bear barely misses you. The polar bear closely misses you.
You block the polar bear's attack. x2; The polar bear misses you.
The polar bear closely misses you.
The polar bear attacks as you move away!
The polar bear bites you!
* * * LOW HITPOINT WARNING * * *
The polar bear claws you.
* * * LOW HITPOINT WARNING * * *
You block the polar bear's attack.
You feel yourself speed up. You block the polar bear's attack.
The polar bear claws you but does no damage.
The polar bear claws you.
* * * LOW HITPOINT WARNING * * *
The polar bear closely misses you. x3
You see here a wolf skeleton.
The polar bear attacks as you move away!
The polar bear barely misses you. The polar bear misses you. x2
The polar bear rages.
The polar bear attacks as you move away!
The polar bear bites you!!
You die...

#≈≈≈##.{#
#≈≈≈#..# .
#≈≈.#.#
...#≈≈#÷##
#..≈≈##.#
#.###..##
#. #.### #
#. ##h.#
#.#.# ##@#
#..#.###.##
#.††##..#
#.#†#÷.## #
#†..#.#
##.#.##
###..#
#§..# .. ##
#§..#


You could see a polar bear (berserk).

Vanquished Creatures
  An orc warlord (Bailey)
  4 entropy weavers (Lair:3)
  A boulder beetle (Lair:3)
  3 ghost crabs (Lair:3)
  A two-headed ogre (D:9)
  2 death yaks (IceCv)
  A skyshark (Lair:3)
  4 fire crabs (Lair:3)
  An ugly thing (IceCv)
  An apocalypse crab (Lair:3)
  2 elephants (Lair:2)
  2 black mambas
  A cane toad (Lair:2)
  A rime drake (IceCv)
  A komodo dragon (Lair:2)
  6 polar bears
  A wind drake (Lair:3)
  18 blink frogs
  A wraith (D:9)
  2 wyverns
  21 yaks
  A basilisk (Lair:2)
  A steam dragon (D:7)
  2 vampire mosquitoes
  15 water moccasins
  3 orc warriors
  2 sky beasts
  3 black bears
  15 wolves
  4 centaurs
  An ogre (D:6)
  A kobold brigand (D:9)
  4 bullfrogs
  A scorpion (D:4)
  2 wights (D:6)
  A howler monkey (D:5)
  2 electric eels
  Crazy Yiuf (D:6)
  2 hounds
  A gnoll bouda (D:9)
  2 orc priests
  3 orc wizards
  6 hell rats (Lair:1)
  9 gnolls
  3 adders
  An ufetubus (D:7)
  2 worms (D:3)
  15 orcs
  11 bats
  8 endoplasms
  4 giant cockroaches
  8 goblins
  7 hobgoblins
  12 jackals
  14 kobolds
  4 quokkas
  7 ball pythons
  A frilled lizard (D:3)
  7 rats
261 creatures vanquished.

Vanquished Creatures (collateral kills)
  A ghost crab (Lair:3)
  A death yak (IceCv)
  A manticore (Lair:3)
  2 elephants (Lair:2)
  A cane toad (Lair:2)
  2 komodo dragons
  Maggie (D:6)
  Grinder (D:6)
  A polar bear (IceCv)
  3 blink frogs
  10 yaks
  A wraith (D:10)
  A steam dragon (D:6)
  3 vampire mosquitoes
  4 orc warriors
  4 water moccasins
  An ogre (D:5)
  6 wolves
  A bullfrog (D:6)
  2 scorpions
  2 wights (D:6)
  An electric eel (D:8)
  2 jellies
  2 orc priests
  2 gnoll boudas
  3 iguanas
  An orc wizard (D:9)
  A hell rat (Lair:1)
  An adder (D:5)
  5 gnolls
  20 orcs
  3 goblins (D:10)
  A hobgoblin (Bailey)
  6 kobolds
97 creatures vanquished.

Vanquished Creatures (others)
  An entropy weaver (Lair:3)
  8 battlemagi
9 creatures vanquished.

Grand Total: 367 creatures vanquished

Notes
Turn   | Place    | Note
-------+----------+-------------------------------------------
     0 | D:1      | booth the Demonspawn Monk began the quest for the Orb.
     0 | D:1      | Reached XP level 1. HP: 18/18 MP: 1/1
     4 | D:1      | Found Megas's Armour Boutique.
    52 | D:1      | Gained mutation: You are partially covered in rugged brown
                  | scales. (AC +1, +3% HP) [demonic ancestry]
    52 | D:1      | Reached XP level 2. HP: 18/24 MP: 2/2
   209 | D:1      | Reached skill level 3 in Axes
   507 | D:1      | Gained mutation: Your demonic aura sometimes causes spilled
                  | blood to erupt in flames. [demonic ancestry]
   507 | D:1      | Reached XP level 3. HP: 18/29 MP: 3/3
   848 | D:1      | Found Iddi Sypsenk's Magic Scroll Shop.
   852 | D:1      | Bought a scroll of identify for 24 gold pieces
  1882 | D:1      | Bought a scroll of identify for 24 gold pieces
  2069 | D:3      | Gained mutation: You have a pair of small antennae on your
                  | head. [demonic ancestry]
  2069 | D:3      | Reached XP level 4. HP: 38/38 MP: 4/4
  2956 | D:4      | Identified the +1 ring mail "Qaopned" {rPois rC+}
  3027 | D:4      | Noticed a scorpion
  3062 | D:4      | Killed a scorpion
  3063 | D:4      | Reached skill level 1 in Throwing
  3063 | D:4      | Gained mutation: Your demonic aura often causes spilled
                  | blood to erupt in flames. [demonic ancestry]
  3063 | D:4      | Reached XP level 5. HP: 25/43 MP: 5/5
  3133 | D:4      | Noticed a centaur
  3153 | D:4      | Killed a centaur
  3154 | D:4      | Reached skill level 4 in Axes
  3569 | D:4      | Found a staircase to the Ecumenical Temple.
  3602 | D:4      | Gained mutation: You sometimes gain a little power by
                  | taking damage. [demonic ancestry]
  3602 | D:4      | Reached XP level 6. HP: 49/49 MP: 6/6
  3998 | Temple   | Entered the Ecumenical Temple
  4069 | Temple   | Became a worshipper of Hepliaklqana the Forgotten
  4069 | Temple   | Reached * piety under Hepliaklqana
  4069 | Temple   | Reached ** piety under Hepliaklqana
  4070 | Temple   | Remembered your ancestor Furia as a battlemage
  4215 | D:5      | Entered Level 5 of the Dungeon
  4301 | D:5      | Noticed a water moccasin
  4303 | D:5      | Killed a water moccasin
  4357 | D:5      | Noticed a water moccasin
  4361 | D:5      | Killed a water moccasin
  4362 | D:5      | Reached skill level 5 in Axes
  4362 | D:5      | Gained mutation: You are mostly covered in rugged brown
                  | scales. (AC +2, +5% HP) [demonic ancestry]
  4362 | D:5      | Reached XP level 7. HP: 46/52 MP: 7/7
  4382 | D:5      | Reached skill level 5 in Fighting
  4776 | D:5      | Gained mutation: Your magical capacity is low. (-10% MP)
                  | [potion of mutation]
  4776 | D:5      | Gained mutation: You are clumsy. (Dex -2) [potion of
                  | mutation]
  4776 | D:5      | Gained mutation: Your flesh is heat resistant. (rF+)
                  | [potion of mutation]
  4776 | D:5      | Gained mutation: You have sharp toenails. [potion of
                  | mutation]
  4894 | D:6      | Reached skill level 6 in Axes
  4956 | D:6      | Noticed Grinder
  4965 | D:6      | Paralysed by Grinder for 2 turns
  4971 | D:6      | Killed Grinder
  4972 | D:6      | Reached XP level 8. HP: 43/60 MP: 7/7
  5331 | D:6      | Reached *** piety under Hepliaklqana
  5338 | D:6      | Reached skill level 7 in Axes
  5424 | D:6      | Found a runed translucent door.
  5425 | D:6      | Noticed Crazy Yiuf
  5545 | D:6      | Noticed Maggie
  5549 | D:6      | Killed Maggie
  5599 | D:6      | Gained mutation: You sometimes gain power by taking damage.
                  | [demonic ancestry]
  5599 | D:6      | Reached XP level 9. HP: 62/67 MP: 8/8
  6136 | D:6      | Killed Crazy Yiuf
  6255 | D:7      | Reached skill level 8 in Axes
  6266 | D:7      | Reached skill level 5 in Throwing
  7211 | D:8      | Found a runed translucent door.
  7214 | D:8      | Noticed Rangus's ghost (novice GnWn)
  7226 | D:8      | Found a staircase to the Lair.
  7345 | D:8      | Reached skill level 9 in Axes
  7589 | D:8      | Reached **** piety under Hepliaklqana
  7744 | D:9      | Reached XP level 10. HP: 76/76 MP: 9/9
  7825 | D:9      | Noticed a two-headed ogre
  7829 | D:9      | Killed a two-headed ogre
  7841 | D:9      | Reached skill level 10 in Axes
  7977 | D:9      | Identified the +4 chain mail of the Heavens {rF+ Str+4}
  8709 | D:10     | Entered Level 10 of the Dungeon
  8747 | D:10     | Found a sparkling altar of Nemelex Xobeh.
  8976 | D:10     | Found a flagged portal.
  8985 | Bailey   | Entered a bailey
  9009 | Bailey   | Noticed an orc warlord
  9022 | Bailey   | Reached skill level 11 in Axes
  9050 | Bailey   | Found a runed translucent gate.
  9050 | Bailey   | Found a runed translucent gate.
  9050 | Bailey   | Found a runed translucent gate.
  9248 | Bailey   | Killed an orc warlord
  9249 | Bailey   | Gained mutation: You have a pair of antennae on your head.
                  | [demonic ancestry]
  9249 | Bailey   | Reached XP level 11. HP: 44/84 MP: 9/9
  9445 | D:10     | Found a sacrificial altar of Ru.
  9446 | D:10     | Found an opulent altar of Gozag.
  9449 | D:10     | Found a hide-covered altar of Uskayaw.
  9449 | D:10     | Found a shimmering altar of Xom.
  9453 | D:10     | Found an ancient bone altar of Kikubaaqudgha.
  9453 | D:10     | Found a burning altar of Makhleb.
  9454 | D:10     | Found a snail-covered altar of Cheibriados.
  9830 | D:10     | Reached ***** piety under Hepliaklqana
 10006 | D:10     | Reached skill level 12 in Axes
 10006 | D:10     | Reached skill level 5 in Dodging
 10006 | D:10     | Reached XP level 12. HP: 90/90 MP: 10/10
 10084 | Lair:1   | Entered Level 1 of the Lair of Beasts
 10663 | Lair:1   | Reached skill level 13 in Axes
 11212 | Lair:2   | Reached skill level 10 in Fighting
 12750 | D:1      | Bought a scroll of brand weapon for 114 gold pieces
 12750 | D:1      | Bought a scroll of teleportation for 36 gold pieces
 12750 | D:1      | Bought a scroll of teleportation for 36 gold pieces
 12750 | D:1      | Bought a scroll of teleportation for 36 gold pieces
 12750 | D:1      | Bought a scroll of enchant armour for 90 gold pieces
 12990 | Lair:3   | Found a staircase to the Snake Pit.
 13000 | Lair:3   | Gained mutation: You are completely covered in rugged brown
                  | scales. (AC +3, +7% HP) [demonic ancestry]
 13000 | Lair:3   | Reached XP level 13. HP: 94/100 MP: 11/11
 13037 | Lair:3   | Reached skill level 14 in Axes
 13168 | Lair:3   | Found a staircase to the Shoals.
 13266 | Lair:3   | Identified the +4 broad axe of Hogreo {heavy, Str+4 Dex+4
                  | Stlth+}
 13290 | Lair:3   | Found a runed translucent door.
 14529 | Lair:4   | Found a staircase to the Slime Pits.
 14582 | Lair:4   | Found a frozen archway.
 14597 | IceCv    | Entered an ice cave
 14636 | IceCv    | Reached skill level 15 in Axes
 14638 | IceCv    | Reached skill level 10 in Throwing
 14999 | IceCv    | HP: 1/103 [ironbound frostheart/creeping frost (21)]
 15051 | IceCv    | HP: 3/103 [ironbound frostheart/creeping frost (17)]
 15069 | IceCv    | Mangled by a polar bear

Illustrated notes

Levels and vault maps discovered:
D:1:      dpeg_arrival_arbitrary_c, layout_basic, serial_shops, shop,
          shop_fountains
D:2:      wad_pebble_path, layout_basic, basic_altar
D:3:      layout_loops_corners, hex_tiny
D:4:      layout_loops_cross, minmay_temple_entry_glassed_door, enter_ossuary_1
D:5:      layout_basic
D:6:      layout_layer_cave, uniq_crazy_yiuf_cottage, uniq_grinder, uniq_maggie
D:7:      layout_loops_ring, grunt_ministairs_15
D:8:      layout_basic, lair_entry_dummy, hellmonk_ghost_happy_afterlife,
          minivault_4, serial_park_tiny_1
D:9:      layout_irregular_city
D:10:     layout_irregular_city, nemelex_diamond_rough_becter,
          grunt_temple_overflow_open, enter_bailey_3,
          minmay_misc_feat_secret_circle
Temple:   nicolae_temple_god_jail
Lair:1:   layout_cave_pods
Lair:2:   layout_cellular_growth, special_room, grunt_megastairs_3
Lair:3:   gammafunk_mikee_crab_dinner, layout_misc_corridors,
          minmay_shoals_entry_beasts, minmay_snake_entry_six_corridors,
          nzn_sisyphean_effort, infiniplex_staircase_pool
Lair:4:   layout_long_grid, slime_entry_1, portal_ice_cave_entry_pillars_1
IceCv:    ice_cave_caverns_02

Skill      XL: |  1  2  3  4  5  6  7  8  9 10 11 12 13 |
---------------+----------------------------------------+-----
Axes           | 3 4 5 6 7 9 11 12 13 15 | 15.4
Dodging        | 3 5 |  5.1
Fighting       | 4 5 6 7 9 10 11 | 11.9
Throwing       | 1 2 3 4 6 7 9 10 | 10.3
Maces & Flails | 2 |  2.9
Armour         | 3 |  3.2
Stealth        | 3 |  3.2

Action                     |  1- 3 |  4- 6 |  7- 9 | 10-12 | 13-15 || total
---------------------------+-------+-------+-------+-------+-------++-------
  Melee: Hand axe          |   124 |   209 |    49 |       |       ||   382
         Punch             |       |     3 |     1 |     1 |     2 ||     7
         Kick              |       |       |    25 |       |       ||    25
         Broad axe         |       |       |    44 |   168 |   170 ||   382
  Throw: Boomerang         |       |     9 |     9 |    21 |     4 ||    43
 Invoke: Ancestor Life: Ba |       |     1 |       |       |       ||     1
         Ancestor Identity |       |     1 |       |       |       ||     1
         Idealise          |       |       |       |     1 |       ||     1
    Use: Scroll            |     6 |     3 |     6 |     8 |     2 ||    25
         Potion            |     1 |     1 |     4 |     5 |     5 ||    16
   Stab: Distracted        |       |       |     2 |     2 |     4 ||     8
         Invisible         |       |       |       |     2 |       ||     2
 Armour: Robe              |    16 |       |       |       |       ||    16
         Leather armour    |    20 |    36 |       |       |       ||    56
         Ring mail         |       |    80 |    18 |       |       ||    98
         Swamp dragon scal |       |       |    22 |     5 |       ||    27
         Chain mail        |       |       |       |    52 |   126 ||   178
  Dodge: Dodged            |    83 |   157 |    87 |   100 |   155 ||   582
  Block: Other             |       |       |    16 |    41 |    59 ||   116
         Reflection        |       |       |     1 |     3 |       ||     4
